 Dungeon Crawl Stone Soup version 0.30-a0-845-g7c6808c8ce (webtiles) character file.

Game seed: 11852261219118927708

37 jessy the Chopper (level 3, -5/30 HPs)
             Began as a Minotaur Gladiator on Mar 2, 2023.
             Was a Follower of Okawaru.
             Slain by a gnoll
             ... wielding a +0 whip
              (7 damage)
             ... on level 2 of the Dungeon.
             The game lasted 00:05:48 (1099 turns).

jessy the Chopper (Minotaur Gladiator)              Turns: 1099, Time: 00:05:49

Health: -5/30      AC:  5    Str: 20    XL:     3   Next: 23%
Magic:  2/2        EV: 12    Int:  5    God:    Okawaru [*.....]
Gold:   92         SH:  0    Dex: 17    Spells: 2/2 levels left

rFire   . . .      SeeInvis .    a - +0 war axe
rCold   . . .      Faith    .    (no shield)
rNeg    . . .      Spirit   .    j - +0 ring mail
rPois   .          Reflect  .    c - +0 hat
rElec   .          Rampage  .    (no cloak)
rCorr   .                        (no gloves)
Will    .....                    (no boots)
Stlth   +                        (no amulet)
HPRegen 0.25/turn                f - +6 ring of dexterity
MPRegen 0.08/turn                (no ring)

@: no status effects
A: horns 2, retaliatory headbutt
a: Renounce Religion, Heroism


You were on level 2 of the Dungeon.
You worshipped Okawaru.
Okawaru was aware of your devotion.
You visited 1 branch of the dungeon, and saw 2 of its levels.

You collected 92 gold pieces.

Inventory:

Hand Weapons
 a - a +0 war axe (weapon)
 k - a +0 dagger
 n - a +0 flail
 p - a +3 mace
 s - a +0 sling
Missiles
 d - 3 throwing nets (quivered)
 e - a javelin
Armour
 b - a +0 leather armour
 c - a +0 hat (worn)
 j - a +0 ring mail (worn)
Jewellery
 f - a +6 ring of dexterity (left hand)
Scrolls
 g - a scroll of fog {unknown}
 i - 2 scrolls of poison {unknown}
 m - a scroll of enchant weapon {unknown}
Potions
 h - 2 potions of heal wounds {unknown}
 l - 3 potions of curing {unknown}
 o - 2 potions of lignification {unknown}
 q - a potion of invisibility {unknown}
 r - a potion of degeneration {unknown}
 t - a potion of mutation {unknown}


   Skills:
 + Level 2.5 Fighting
 + Level 4.4 Axes
 + Level 2.2 Throwing
 + Level 4.0 Dodging


You had 2 spell levels left.
You didn't know any spells.
Your spell library was empty.

Dungeon Overview and Level Annotations

Branches:
Dungeon (2/15)

Altars:
Okawaru


Innate Abilities, Weirdness & Mutations

You have a pair of horns on your head.
You reflexively headbutt those who attack you in melee.


Message History

Things that are here:
a +0 whip; 4 stones You see here a +0 ring mail.
You slash the dart slug!
You kill the dart slug!
Okawaru accepts your kill.
Found a scroll labelled LOPTIU JURIAWKIUNN.
Found a stone staircase leading down.
Found 7 gold pieces.
Found a sling.
i - 2 scrolls labelled LOPTIU JURIAWKIUNN (gained 1)
Found a leather armour.
You now have 92 gold pieces (gained 7).
There is a stone staircase leading down here.
Found a lumpy black potion.
Found a lumpy emerald potion.
You see here a +0 sling.
s - a +0 sling
Found a stone staircase leading up.
t - a lumpy emerald potion A quokka comes into view.
A gnoll comes into view. It is wielding a +0 whip.
The gnoll shouts!
You hear an angry hiss.
You hear a shout!
The quokka bites you.
You hit the quokka.
You kill the quokka!
Okawaru accepts your kill.
A gnoll comes into view. It is wielding a +0 flail.
The gnoll shouts!
You hear a shout!
The gnoll hits you with a +0 whip! The gnoll closely misses you.
You furiously retaliate!
You headbutt the gnoll. The gnoll hits you with a +0 flail!
The gnoll hits you with a +0 whip.
* * * LOW HITPOINT WARNING * * *
A kobold comes into view. It is wielding a +0 short sword.
The gnoll hits you with a +0 whip.
* * * LOW HITPOINT WARNING * * *
The gnoll hits you with a +0 flail.
* * * LOW HITPOINT WARNING * * *
The gnoll hits you with a +0 whip!
You die...

#.... ................
...########............
##.. #.............
#... #.#........... ...
.##.##.......... ^.!
K..............
##.#.........##
#...........#
#...g.@.....#
#.#...g.....#
#..##.......## #.
##.....## #######


You could see 2 gnolls.

Vanquished Creatures
  A dart slug (D:2)
  9 ball pythons
  3 endoplasms (D:1)
  A giant cockroach (D:1)
  3 goblins (D:1)
  A hobgoblin (D:1)
  A quokka (D:2)
  4 bats (D:1)
  A frilled lizard (D:1)
  4 kobolds
  6 rats (D:1)
34 creatures vanquished.

Notes
Turn   | Place    | Note
-------+----------+-------------------------------------------
     0 | D:1      | jessy the Minotaur Gladiator began the quest for the Orb.
     0 | D:1      | Reached XP level 1. HP: 18/18 MP: 0/0
   122 | D:1      | Reached XP level 2. HP: 25/25 MP: 1/1
   382 | D:1      | Found a faded altar of an unknown god.
   406 | D:1      | Prayed at the altar of an unknown god.
   406 | D:1      | Became a worshipper of Warmaster Okawaru
   406 | D:1      | Reached * piety under Okawaru
   544 | D:1      | Reached XP level 3. HP: 26/30 MP: 2/2
  1099 | D:2      | Slain by a gnoll

Illustrated notes

Levels and vault maps discovered:
D:1:      ncdulo_watergridlock, layout_loops_ring, ebering_ecumenical_altar_box,
          minmay_misc_feat_more_columns, minmay_misc_feat_pillars,
          grunt_decor_cap
D:2:      layout_rooms, nicolae_shop_vocational, uniq_terence

Skill      XL: |  1  2  3 |
---------------+----------+-----
Axes           | 4 |  4.4
Dodging        | 4 |  4.0
Fighting       | |  2.5
Throwing       | |  2.2

Action                     || total
---------------------------++-------
  Melee: War axe           ||    37
         Headbutt          ||     7
 Armour: Leather armour    ||     2
         Ring mail         ||    10
  Dodge: Dodged            ||    46

Table legend: (Time is in decaauts)
 A = Elapsed time spent in this place.
 B = Non-inter-level travel time spent in this place.
 C = Inter-level travel time spent in this place.
 D = Time resting spent in this place.
 E = Time spent auto-exploring this place.
 F = Levels seen in this place.
 G = Mean time per level.
                   A        B        C        D        E       F      G
               +--------+--------+--------+--------+--------+-----+--------+
         Total |   1111 |   1092 |     19 |      0 |      0 |   2 |  555.5 |
       Dungeon |   1111 |   1092 |     19 |      0 |      0 |   2 |  555.5 |
               +--------+--------+--------+--------+--------+-----+--------+

Top non-repeatable levels by time:
     D:1: 1042 daAuts
     D:2: 69 daAuts
